 Dungeon Crawl Stone Soup version 0.30-a0-187-gd9c2deaf24 (webtiles) character file.

Game seed: 14759416986415182286

1808 LnG the Covert (level 9, -1/50 HPs)
             Began as a Kobold Summoner on Oct 3, 2022.
             Killed by divine providence
             ... invoked by an orc priest
              (13 damage)
             ... on level 6 of the Dungeon.
             The game lasted 00:17:40 (6048 turns).

LnG the Covert (Kobold Summoner)                    Turns: 6048, Time: 00:17:41

Health: -1/50      AC:  9    Str:  6    XL:     9   Next: 31%
Magic:  10/16      EV: 16    Int: 20    God:
Gold:   122        SH:  0    Dex: 15    Spells: 5/18 levels left

rFire   . . .      SeeInvis .    c - +0 dagger (vamp)
rCold   . . .      Faith    .    (no shield)
rNeg    . . .      Spirit   .    a - +1 robe
rPois   .          Reflect  .    (no helmet)
rElec   .          Harm     .    (no cloak)
rCorr   .          Rampage  .    d - +2 pair of gloves
Will    +....                    i - +2 pair of boots
Stlth   +++++.....               (no amulet)
HPRegen 0.28/turn                l - ring of flight
MPRegen 0.15/turn                m - ring of willpower

@: flying, studying Axes
A: small, no large weapons, nightstalker 3
a: no special abilities


You were on level 6 of the Dungeon.
You visited 1 branch of the dungeon, and saw 6 of its levels.

You collected 226 gold pieces.
You spent 104 gold pieces at shops.

Inventory:

Hand Weapons
 c - a +0 vampiric dagger (weapon)
 h - a +0 short sword
Armour
 a - a +1 robe (worn)
 d - a +2 pair of gloves (worn)
 i - a +2 pair of boots (worn)
Jewellery
 f - a ring of fire
 l - a ring of flight (left hand)
 m - a ring of willpower (right hand)
Wands
 x - a wand of mindburst (18)
Scrolls
 j - 2 scrolls of poison
 k - 2 scrolls of amnesia
 n - a scroll of vulnerability
 o - a scroll of summoning {unknown}
 s - 3 scrolls of teleportation
 t - a scroll of noise {unknown}
 u - a scroll of torment {unknown}
 z - a scroll of magic mapping {unknown}
Potions
 b - 3 potions of magic
 e - a potion of berserk rage
 g - a potion of haste
 p - a potion of heal wounds {unknown}
 q - 2 potions of attraction
 r - 3 potions of curing
 v - a potion of ambrosia
 w - a potion of cancellation
 A - a potion of resistance {unknown}


   Skills:
 + Level 3.1 Fighting
 + Level 5.9 Short Blades
 + Level 5.2 Dodging
 + Level 9.2 Stealth
 + Level 5.2 Spellcasting
 + Level 6.2 Summonings


You had 5 spell levels left.
You knew the following spells:

 Your Spells              Type           Power      Damage    Failure   Level
a - Summon Small Mammal   Summ           100%       N/A       1%          1
b - Call Imp              Summ           30%        N/A       1%          2
c - Call Canine Familiar  Summ           30%        N/A       2%          3
d - Summon Guardian Gole  Hex/Summ       17%        N/A       10%         3
e - Summon Lightning Spi  Summ/Air       17%        N/A       30%         4

Your spell library contained the following spells:

 Spells                   Type           Power      Damage    Failure   Level
 Blink                    Tloc           10%        N/A       17%         2
 Momentum Strike          Conj/Tloc      10%        3d8       17%         2
 Static Discharge         Conj/Air       10%        2-3/arc   17%         2
 Lesser Beckoning         Tloc           10%        N/A       34%         3
 Portal Projectile        Hex/Tloc       10%        N/A       34%         3
 Tukima's Dance           Hex            5%         N/A       34%         3
 Vhi's Electric Charge    Tloc/Air       10%        N/A       34%         3
 Arcjolt                  Conj/Air       2%         1d12      97%         5
 Blade Hands              Tmut           2%         N/A       97%         5
 Lightning Bolt           Conj/Air       2%         1d14      97%         5
 Maxwell's Capacitive Co  Air            2%         ∞         100%        8


Dungeon Overview and Level Annotations

Branches:
Dungeon (6/15)
 Temple: D:4-7

Altars:
Vehumet
Yredelemnul

Shops:
D:1 ?   D:5 *   D:6 (

Annotations:
D:3 3 runed translucent doors
D:4 exclusion: statue
D:6 1 runed translucent door, gnomenasai's ghost, novice GnTm


Innate Abilities, Weirdness & Mutations

You are small and have problems with some larger weapons.
You are completely attuned to the shadows.


Message History

The orc priest blocks your hound's attack.
The orc priest hits your hound with a +2 vorpal hand axe!
Your hound dies!
Your hound's corpse disappears in a puff of smoke!
The orc priest closely misses your crimson imp.
The orc priest barely misses you.
The orc priest shouts!
Casting: Call Imp (safe; 1% risk of failure)
Confirm with . or Enter, or press ? or * to list all spells.
Your crimson imp blinks!
The orc priest misses you.
The orc priest blocks your hound's attack.
The orc priest looks encouraged for a moment.
The orc priest blocks your hound's attack.
Your crimson imp blinks!
Your hound bites the orc priest but does no damage.
The orc priest misses your hound.
The orc priest blocks your hound's attack.
The orc priest calls down the wrath of Beogh upon you.
Your hound writhes in agony!
The orc priest blocks your hound's attack.
Your hound bites the orc priest but does no damage.
The orc priest misses your hound.
The orc priest blocks your hound's attack.
The orc priest invokes the aid of Beogh against you.
Beogh smites you!
* * * LOW HITPOINT WARNING * * *
Your hound bites the orc priest but does no damage.
The orc priest misses your hound.
The orc priest barely misses your crimson imp.
Your hound bites the orc priest.
The orc priest blocks your hound's attack.
The orc priest blocks your crimson imp's attack.
The orc priest casts a cantrip, but nothing happens.
The orc priest blocks your hound's attack.
The orc priest blocks your crimson imp's attack.
Your hound bites the orc priest but does no damage.
The orc priest mumbles some strange prayers to Beogh against you.
Beogh smites you!
You die...

.... #.......... ..>.
#...####### .... #.).#
.... #...# .... #...#
#....... ....
##..)#.#........ .
#.)..#.#........
#...)#.#........
#.........@.....
#.........h5.... #..#
#.........o.....
#..####...............
#..........###########
...........#
#..........#
#..........#
#..........#


You could see an orc priest (ally target, reflecting), a friendly hound
(summoned) and a friendly crimson imp (summoned).

Vanquished Creatures
  Eustachio (D:6)
  Edmund (D:6)
  Duvessa (D:6)
  An orc warrior (D:6)
  The ghost of LnG the Caller, an amateur KoSu (D:3)
  A scorpion (D:6)
  A necrophage (D:5)
  Dowan (D:6)
  A howler monkey (D:5)
  A jelly (D:6)
  2 hounds
  An iguana (D:5)
  An orc wizard (D:6)
  A scorpion zombie (D:3)
  A gnoll (D:4)
  6 adders
  2 shadow imps (D:6)
  An adder zombie (D:3)
  3 dart slugs (D:1)
  9 orcs
  7 ball pythons
  4 bats (D:2)
  5 endoplasms
  4 giant cockroaches
  9 goblins
  3 hobgoblins
  A jackal (D:3)
  4 kobolds
  A quokka (D:3)
  A frilled lizard (D:1)
76 creatures vanquished.

Vanquished Creatures (collateral kills)
  Maggie (D:6)
  2 black bears
  An ogre (D:5)
  A phantom (D:6)
  2 hounds
  An orc priest (D:4)
  An adder (D:5)
  3 gnolls (D:4)
  An ufetubus (D:5)
  2 orcs (D:4)
  3 ball pythons
  A giant cockroach (D:1)
  2 goblins (D:1)
  A hobgoblin (D:1)
  3 jackals (D:3)
  A bat (D:1)
  A frilled lizard (D:1)
  2 kobolds (D:1)
  A rat (D:1)
30 creatures vanquished.

Vanquished Creatures (others)
  26 plants (D:1)
26 creatures vanquished.

Grand Total: 132 creatures vanquished

Notes
Turn   | Place    | Note
-------+----------+-------------------------------------------
     0 | D:1      | LnG the Kobold Summoner began the quest for the Orb.
     0 | D:1      | Reached XP level 1. HP: 10/10 MP: 3/3
    79 | D:1      | You fall into a shaft and drop 1 floor!
   163 | D:1      | Reached XP level 2. HP: 15/15 MP: 3/5
   166 | D:1      | Learned a level 2 spell: Call Imp
   231 | D:1      | Reached skill level 3 in Stealth
   343 | D:1      | Found Guleog's Magic Scroll Shoppe.
   622 | D:1      | Reached XP level 3. HP: 19/19 MP: 6/6
  1023 | D:1      | Learned a level 3 spell: Call Canine Familiar
  1689 | D:2      | Reached XP level 4. HP: 24/24 MP: 7/7
  1871 | D:3      | Reached skill level 4 in Stealth
  2103 | D:3      | Reached skill level 1 in Short Blades
  2185 | D:3      | Found a runed translucent gate.
  2186 | D:3      | Found a runed translucent gate.
  2186 | D:3      | Found a runed translucent gate.
  2264 | D:3      | Reached XP level 5. HP: 28/28 MP: 9/9
  2399 | D:3      | Found a runed translucent gate.
  2400 | D:3      | Found a runed translucent gate.
  2400 | D:3      | Noticed LnG's ghost (amateur KoSu)
  2401 | D:3      | Found a runed translucent gate.
  2402 | D:3      | Found a basalt altar of Yredelemnul.
  2419 | D:3      | Reached skill level 5 in Stealth
  2715 | D:4      | Learned a level 3 spell: Summon Guardian Golem
  3165 | D:4      | Found a radiant altar of Vehumet.
  3208 | D:4      | Noticed a charred statue
  3618 | D:4      | Reached skill level 1 in Fighting
  3618 | D:4      | Reached XP level 6. HP: 14/34 MP: 6/10
  4030 | D:3      | Killed LnG's ghost
  4077 | D:5      | Entered Level 5 of the Dungeon
  4102 | D:5      | Noticed a black bear
  4118 | D:5      | Killed a black bear
  4119 | D:5      | Reached skill level 6 in Stealth
  4119 | D:5      | Reached XP level 7. HP: 22/38 MP: 6/12
  4300 | D:5      | Reached skill level 5 in Summonings
  4852 | D:5      | Found Agadghuk's General Store.
  4955 | D:1      | Bought a scroll of brand weapon for 104 gold pieces
  5141 | D:6      | Reached XP level 8. HP: 43/44 MP: 14/14
  5146 | D:6      | Learned a level 4 spell: Summon Lightning Spire
  5154 | D:6      | Noticed Duvessa
  5157 | D:6      | Noticed Dowan
  5158 | D:6      | Killed Duvessa
  5180 | D:6      | Killed Dowan
  5342 | D:6      | Reached skill level 5 in Short Blades
  5342 | D:6      | Reached skill level 7 in Stealth
  5430 | D:6      | Found Qyucimisk's Weapon Shop.
  5501 | D:6      | Noticed Eustachio
  5505 | D:6      | Killed Eustachio
  5552 | D:6      | Found a runed translucent door.
  5552 | D:6      | Noticed Maggie
  5554 | D:6      | Noticed gnomenasai's ghost (novice GnTm)
  5565 | D:6      | Killed Maggie
  5566 | D:6      | Reached skill level 8 in Stealth
  5566 | D:6      | Reached skill level 5 in Spellcasting
  5566 | D:6      | Reached XP level 9. HP: 45/49 MP: 10/16
  5638 | D:6      | Reached skill level 5 in Dodging
  5950 | D:6      | Reached skill level 9 in Stealth
  5950 | D:6      | Noticed Edmund
  5975 | D:6      | Killed Edmund
  6048 | D:6      | Killed from afar by an orc priest

Illustrated notes

Levels and vault maps discovered:
D:1:      roderic_crop_circles_arrival_large, layout_basic, serial_shops,
          nicolae_shop_trees, minmay_shallow_snake_nest
D:2:      layout_loops_ring
D:3:      layout_basic, nicolae_yredelemnul_ghost_church,
          gammafunk_ghost_necromancy
D:4:      layout_gridville, vehumet_statue, reono_crystal_passage
D:5:      layout_basic, serial_shops, nicolae_shop_hallway_plus
D:6:      layout_basic, ebering_ghost_sewer_d, corner_web_ring, minivault_4,
          nicolae_take_the_stairs, uniq_prince_ribbit1, uniq_maggie,
          uniq_edmund, uniq_eustachio, uniq_duvessa

Skill      XL: |  1  2  3  4  5  6  7  8  9 |
---------------+----------------------------+-----
Stealth        | 3 4 5 6 8 9 |  9.2
Short Blades   | 1 2 3 4 5 |  5.9
Dodging        | 3 4 5 |  5.2
Fighting       | 1 2 3 |  3.1
Spellcasting   | 3 4 5 |  5.2
Summonings     | 5 6 |  6.2

Action                   |  1- 3 |  4- 6 |  7- 9 || total
-------------------------+-------+-------+-------++-------
Melee: Unarmed           |     3 |       |       ||     3
       Short sword       |    12 |       |       ||    12
       Club              |     8 |       |       ||     8
       Dagger            |    29 |   272 |   208 ||   509
       Punch             |       |     1 |     4 ||     5
 Cast: Summon Small Mamm |    11 |       |       ||    11
       Call Imp          |     3 |     5 |     6 ||    14
       Call Canine Famil |     1 |     7 |     9 ||    17
  Use: Scroll            |     2 |     5 |     8 ||    15
 Stab: Sleeping          |     7 |    14 |    13 ||    34
       Distracted        |     1 |     3 |     3 ||     7
Armor: Robe              |    14 |    66 |    40 ||   120
Dodge: Dodged            |    60 |   193 |   120 ||   373

Table legend: (Time is in decaauts)
 A = Elapsed time spent in this place.
 B = Non-inter-level travel time spent in this place.
 C = Inter-level travel time spent in this place.
 D = Time resting spent in this place.
 E = Time spent auto-exploring this place.
 F = Levels seen in this place.
 G = Mean time per level.
                   A        B        C        D        E       F      G
               +--------+--------+--------+--------+--------+-----+--------+
         Total |   5979 |   5629 |    350 |    258 |   4134 |   6 |  996.5 |
       Dungeon |   5979 |   5629 |    350 |    258 |   4134 |   6 |  996.5 |
               +--------+--------+--------+--------+--------+-----+--------+

Top non-repeatable levels by time:
     D:3: 1177 daAuts
     D:4: 1176 daAuts
     D:1: 1086 daAuts
     D:6: 917 daAuts
     D:5: 910 daAuts
     D:2: 712 daAuts
